General information
- name: BNet
- type: Ladder team game (AT/RT)
- host: Battle.net
- saver: bannedfromwc3
map: MarketSquare
- players: 8
- length: 42:19
- speed: Fast
- version: 1.26 W3XP
- replay type: Public
» download(247 KB)
Players
team 1 (loser)

»
JamesNesPentel (
yellow | 52 APM | 2201 actions | 42:18)
7 Dark Ranger
3 Silence
3 Black Arrow
1 Charm
7 Death Knight
3 Death Coil
3 Unholy Aura
1 Animate Dead
» actions
| Assign group hotkey | 47 | |
| Basic commands | 202 | |
| Build / train | 108 | |
| Enter build submenu | 21 | |
| Enter hero's abilities submenu | 16 | |
| Give item / drop item | 3 | |
| Right click | 978 | |
| Select / deselect | 468 | |
| Select group hotkey | 266 | |
| Use ability | 90 | |
2201 total
» units
| Acolyte | 15 | |
| Ghoul | 3 | |
| Crypt Fiend | 33 | |
| Obsidian Statue | 12 | |
63 total
» upgrades
| Creature Attack | 3 | |
| Creature Carapace | 3 | |
| Web | 1 | |
| Destroyer Form | 1 | |
| Ghoul Frenzy | 1 | |
| Burrow | 1 | |
10 total
» buildings
| Graveyard | 1 | |
| Ziggurat | 11 | |
| Crypt | 2 | |
| Altar of Darkness | 1 | |
| Halls of the Dead | 1 | |
| Tomb of Relics | 1 | |
| Slaughterhouse | 1 | |
| Black Citadel | 1 | |
| Spirit Tower | 5 | |
| Nerubian Tower | 3 | |
27 total
» build order
00:11 Graveyard
00:24 Ziggurat
00:52 Crypt
01:14 Altar of Darkness
01:32 Ziggurat
01:57 Crypt
03:39 Ziggurat
04:32 Halls of the Dead
05:52 Ziggurat
07:20 Tomb of Relics
07:26 Slaughterhouse
10:50 Black Citadel
11:38 Ziggurat
11:40 Ziggurat
15:20 Spirit Tower
15:21 Spirit Tower
15:22 Nerubian Tower
15:24 Spirit Tower
19:13 Ziggurat
19:27 Spirit Tower
20:31 Nerubian Tower
20:33 Spirit Tower
23:59 Ziggurat
28:08 Nerubian Tower
38:05 Ziggurat
38:07 Ziggurat
38:09 Ziggurat
» items
| Orb of Venom | 1 | |
| Scroll of Town Portal | 3 | |
| Potion of Healing | 2 | |
| Boots of Speed | 1 | |
| Potion of Lesser Invulnerability | 1 | |
| Staff of Teleportation | 1 | |
9 total

»
elvishpower10 (
purple | 39 APM | 1519 actions | 38:36)
5 Demon Hunter
3 Mana Burn
2 Evasion
4 Priestess of the Moon
3 Trueshot Aura
1 Searing Arrows
» actions
| Assign group hotkey | 26 | |
| Build / train | 110 | |
| Enter build submenu | 28 | |
| Enter hero's abilities submenu | 9 | |
| Give item / drop item | 22 | |
| Remove unit from queue | 6 | |
| Right click | 414 | |
| Select / deselect | 616 | |
| Select group hotkey | 199 | |
| Use ability | 86 | |
1519 total
» units
| Wisp | 21 | |
| Archer | 31 | |
| Hippogryph | 16 | |
| Dryad | 10 | |
| Druid of the Claw | 1 | |
79 total
» upgrades
| Hippogryph Taming | 1 | |
| Strength of the Moon | 1 | |
| Marksmanship | 1 | |
| Improved Bows | 1 | |
| Abolish Magic | 1 | |
| Strength of the Wild | 2 | |
| Well Spring | 1 | |
| Druid of the Claw Training | 1 | |
9 total
» buildings
| Altar of Elders | 2 | |
| Moon Well | 9 | |
| Ancient of War | 3 | |
| Tree of Ages | 2 | |
| Ancient of Wind | 2 | |
| Hunter's Hall | 1 | |
| Ancient of Wonders | 3 | |
| Tree of Eternity | 1 | |
| Ancient of Lore | 2 | |
| Tree of Life | 1 | |
26 total
» build order
00:06 Altar of Elders
00:12 Moon Well
00:34 Ancient of War
01:24 Moon Well
02:43 Tree of Ages
03:26 Moon Well
04:30 Moon Well
05:23 Ancient of Wind
05:27 Ancient of Wind
05:39 Moon Well
07:30 Moon Well
10:42 Hunter's Hall
13:39 Ancient of Wonders
18:32 Ancient of War
18:50 Tree of Eternity
21:31 Moon Well
23:18 Moon Well
25:09 Ancient of Lore
25:12 Ancient of Lore
27:30 Tree of Life
35:30 Altar of Elders
35:43 Moon Well
35:51 Ancient of Wonders
35:59 Ancient of War
36:06 Tree of Ages
37:52 Ancient of Wonders
» items

»
bannedfromwc3 (
green | 28 APM | 1201 actions | 42:18)
3 Goblin Tinker
2 Pocket Factory
1 Engineering Upgrade
» actions
| Assign group hotkey | 76 | |
| Basic commands | 37 | |
| Build / train | 154 | |
| Enter build submenu | 17 | |
| Enter hero's abilities submenu | 3 | |
| Give item / drop item | 6 | |
| Right click | 357 | |
| Select / deselect | 333 | |
| Select group hotkey | 171 | |
| Use ability | 46 | |
1201 total
» units
» upgrades
» buildings
| Barracks | 2 | |
| Farm | 8 | |
| Altar of Kings | 1 | |
| Arcane Vault | 2 | |
| Town Hall | 3 | |
| Keep | 1 | |
17 total
» build order
00:16 Barracks
00:33 Farm
01:04 Farm
01:06 Altar of Kings
01:35 Arcane Vault
01:51 Farm
02:39 Farm
03:23 Arcane Vault
03:26 Farm
04:46 Town Hall
06:18 Barracks
07:12 Farm
07:12 Farm
07:13 Farm
09:16 Keep
15:47 Town Hall
18:12 Town Hall
» items
| Boots of Speed | 2 | |
| Periapt of Vitality | 1 | |
| Circlet of Nobility | 2 | |
| Dust of Appearance | 3 | |
| Staff of Teleportation | 2 | |
| Scroll of Regeneration | 14 | |
| Lesser Clarity Potion | 17 | |
| Mechanical Critter | 15 | |
| Potion of Mana | 6 | |
| Moonstone | 2 | |
| Potion of Healing | 7 | |
| Scroll of Town Portal | 6 | |
| Ivory Tower | 10 | |
| Tome of Retraining | 1 | |
| Potion of Invisibility | 1 | |
89 total
TheyKilledKenny (
red | 45 APM | 1924 actions | 42:18)
9 Dark Ranger
3 Black Arrow
3 Life Drain
1 Charm
2 Silence
» actions
| Assign group hotkey | 183 | |
| Build / train | 121 | |
| Enter build submenu | 38 | |
| Enter hero's abilities submenu | 10 | |
| Give item / drop item | 9 | |
| Remove unit from queue | 4 | |
| Right click | 645 | |
| Select / deselect | 532 | |
| Select group hotkey | 283 | |
| Use ability | 97 | |
1924 total
» units
| Wisp | 43 | |
| Archer | 10 | |
| Dryad | 13 | |
| Hippogryph | 9 | |
| Huntress | 1 | |
76 total
» upgrades
| Strength of the Moon | 0 | |
| Strength of the Wild | 3 | |
| Abolish Magic | 1 | |
| Reinforced Hides | 2 | |
| Hippogryph Taming | 1 | |
7 total
» buildings
| Moon Well | 6 | |
| Ancient of War | 3 | |
| Altar of Elders | 1 | |
| Tree of Ages | 2 | |
| Hunter's Hall | 1 | |
| Ancient of Wonders | 1 | |
| Ancient Protector | 9 | |
| Tree of Eternity | 1 | |
| Ancient of Lore | 2 | |
| Tree of Life | 5 | |
| Ancient of Wind | 2 | |
33 total
» build order
00:15 Moon Well
00:31 Ancient of War
00:47 Altar of Elders
01:34 Moon Well
03:04 Tree of Ages
03:44 Hunter's Hall
03:54 Moon Well
05:12 Ancient of Wonders
05:15 Moon Well
06:27 Ancient Protector
06:30 Ancient Protector
06:34 Tree of Eternity
06:38 Ancient of Lore
06:41 Ancient of Lore
08:19 Tree of Life
13:26 Ancient Protector
13:27 Ancient Protector
14:12 Ancient of Wind
14:14 Ancient of Wind
16:20 Moon Well
16:23 Moon Well
16:28 Ancient Protector
19:53 Tree of Life
19:59 Tree of Life
31:32 Tree of Life
32:59 Tree of Life
33:03 Ancient Protector
37:21 Ancient Protector
37:46 Ancient Protector
37:57 Tree of Ages
39:09 Ancient of War
40:12 Ancient of War
40:52 Ancient Protector
» items
| Scroll of Town Portal | 12 | |
| Potion of Healing | 3 | |
| Staff of Preservation | 1 | |
| Potion of Lesser Invulnerability | 1 | |
| Orb of Venom | 1 | |
| Rod of Necromancy | 1 | |
| Scroll of Healing | 1 | |
20 total
team 2 (winner)
RolleR (
pink | 62 APM | 2632 actions | 42:18)
10 Death Knight
3 Death Coil
3 Unholy Aura
1 Animate Dead
3 Death Pact
» actions
| Assign group hotkey | 34 | |
| Build / train | 84 | |
| Enter build submenu | 25 | |
| Enter hero's abilities submenu | 10 | |
| Give item / drop item | 3 | |
| Remove unit from queue | 1 | |
| Right click | 1454 | |
| Select / deselect | 296 | |
| Select group hotkey | 654 | |
| Use ability | 68 | |
2632 total
» units
| Acolyte | 13 | |
| Ghoul | 5 | |
| Crypt Fiend | 8 | |
| Frost Wyrm | 20 | |
46 total
» upgrades
| Freezing Breath | 1 | |
| Creature Attack | 3 | |
| Creature Carapace | 3 | |
| Web | 1 | |
8 total
» buildings
| Crypt | 1 | |
| Graveyard | 1 | |
| Ziggurat | 14 | |
| Altar of Darkness | 1 | |
| Tomb of Relics | 1 | |
| Halls of the Dead | 2 | |
| Black Citadel | 2 | |
| Sacrificial Pit | 1 | |
| Boneyard | 2 | |
| Spirit Tower | 8 | |
| Necropolis | 1 | |
34 total
» build order
00:11 Crypt
00:18 Graveyard
00:27 Ziggurat
01:12 Altar of Darkness
02:03 Tomb of Relics
02:20 Ziggurat
02:53 Halls of the Dead
04:06 Ziggurat
05:42 Black Citadel
06:53 Sacrificial Pit
07:41 Ziggurat
08:08 Boneyard
08:16 Boneyard
08:57 Ziggurat
09:00 Ziggurat
09:02 Ziggurat
10:18 Spirit Tower
16:57 Spirit Tower
18:35 Necropolis
18:48 Ziggurat
19:46 Ziggurat
19:49 Spirit Tower
21:41 Ziggurat
22:18 Spirit Tower
23:24 Ziggurat
23:27 Ziggurat
23:37 Spirit Tower
23:39 Halls of the Dead
24:21 Spirit Tower
24:23 Spirit Tower
26:04 Black Citadel
27:30 Ziggurat
27:39 Ziggurat
29:37 Spirit Tower
» items
| Rod of Necromancy | 1 | |
| Potion of Healing | 2 | |
| Scroll of Town Portal | 2 | |
| Orb of Corruption | 1 | |
6 total

»
WeAgreed (
teal | 33 APM | 1403 actions | 42:18)
10 Death Knight
3 Death Coil
3 Unholy Aura
1 Animate Dead
3 Death Pact
4 Lich
1 Dark Ritual
3 Frost Nova
» actions
| Assign group hotkey | 34 | |
| Basic commands | 217 | |
| Build / train | 91 | |
| Enter build submenu | 22 | |
| Enter hero's abilities submenu | 14 | |
| Give item / drop item | 1 | |
| Remove unit from queue | 3 | |
| Right click | 170 | |
| Select / deselect | 262 | |
| Select group hotkey | 512 | |
| Use ability | 75 | |
1403 total
» units
| Acolyte | 8 | |
| Ghoul | 3 | |
| Crypt Fiend | 27 | |
| Frost Wyrm | 8 | |
46 total
» upgrades
| Creature Attack | 3 | |
| Burrow | 1 | |
| Web | 1 | |
| Creature Carapace | 3 | |
8 total
» buildings
| Crypt | 2 | |
| Altar of Darkness | 1 | |
| Ziggurat | 15 | |
| Graveyard | 1 | |
| Tomb of Relics | 1 | |
| Nerubian Tower | 1 | |
| Halls of the Dead | 1 | |
| Black Citadel | 1 | |
| Sacrificial Pit | 1 | |
| Boneyard | 1 | |
| Necropolis | 1 | |
| Spirit Tower | 4 | |
| Arcane Tower | 1 | |
31 total
» build order
00:27 Crypt
00:33 Altar of Darkness
00:40 Ziggurat
01:03 Graveyard
01:28 Ziggurat
01:47 Tomb of Relics
02:08 Nerubian Tower
03:41 Ziggurat
04:50 Halls of the Dead
06:45 Ziggurat
07:32 Black Citadel
09:04 Sacrificial Pit
11:57 Boneyard
13:32 Ziggurat
13:33 Ziggurat
13:35 Ziggurat
13:36 Ziggurat
13:40 Ziggurat
13:44 Necropolis
15:49 Spirit Tower
16:57 Ziggurat
16:59 Ziggurat
17:22 Spirit Tower
19:01 Crypt
19:31 Spirit Tower
19:35 Arcane Tower
21:57 Ziggurat
21:59 Ziggurat
22:00 Ziggurat
22:02 Ziggurat
26:17 Spirit Tower
» items
| Rod of Necromancy | 1 | |
| Scroll of Town Portal | 4 | |
| Orb of Corruption | 1 | |
| Potion of Lesser Invulnerability | 1 | |
| Scroll of Healing | 1 | |
8 total

»
harn (
orange | 27 APM | 1113 actions | 41:57)
4 Priestess of the Moon
2 Searing Arrows
2 Trueshot Aura
2 Dark Ranger
1 Black Arrow
1 Life Drain
3 Death Knight
2 Unholy Aura
1 Death Pact
» actions
| Assign group hotkey | 49 | |
| Basic commands | 35 | |
| Build / train | 130 | |
| Enter build submenu | 22 | |
| Enter hero's abilities submenu | 8 | |
| Give item / drop item | 3 | |
| Right click | 320 | |
| Select / deselect | 347 | |
| Select group hotkey | 135 | |
| Use ability | 64 | |
1113 total
» units
» upgrades
| Ultravision | 1 | |
| Strength of the Moon | 1 | |
| Moon Armor | 1 | |
| Backpack | 1 | |
| Improved Bows | 1 | |
| Reinforced Hides | 1 | |
| Strength of the Wild | 1 | |
7 total
» buildings
| Moon Well | 5 | |
| Altar of Elders | 1 | |
| Ancient of War | 3 | |
| Tree of Life | 1 | |
| Hunter's Hall | 1 | |
| Ancient of Wonders | 3 | |
| Tree of Ages | 1 | |
15 total
» build order
00:25 Moon Well
00:44 Altar of Elders
00:58 Ancient of War
01:50 Ancient of War
01:52 Ancient of War
02:28 Moon Well
03:28 Tree of Life
03:31 Hunter's Hall
03:36 Moon Well
04:20 Ancient of Wonders
06:10 Tree of Ages
06:12 Moon Well
06:54 Moon Well
08:10 Ancient of Wonders
08:11 Ancient of Wonders
» items
| Lesser Clarity Potion | 26 | |
| Moonstone | 9 | |
| Dust of Appearance | 2 | |
| Staff of Preservation | 3 | |
| Potion of Healing | 5 | |
| Potion of Invisibility | 1 | |
| Potion of Lesser Invulnerability | 1 | |
| Staff of Teleportation | 1 | |
| Scroll of Healing | 2 | |
| Boots of Speed | 1 | |
51 total

»
drew-yo (
blue | 29 APM | 1231 actions | 42:18)
8 Death Knight
3 Death Coil
3 Unholy Aura
1 Death Pact
1 Animate Dead
6 Dreadlord
3 Vampiric Aura
2 Carrion Swarm
1 Inferno
» actions
| Basic commands | 6 | |
| Build / train | 74 | |
| Enter build submenu | 17 | |
| Enter hero's abilities submenu | 14 | |
| Give item / drop item | 11 | |
| Right click | 657 | |
| Select / deselect | 352 | |
| Use ability | 99 | |
1231 total
» units
| Acolyte | 3 | |
| Ghoul | 3 | |
| Crypt Fiend | 16 | |
| Obsidian Statue | 16 | |
38 total
» upgrades
| Web | 1 | |
| Creature Attack | 3 | |
| Creature Carapace | 3 | |
| Destroyer Form | 1 | |
8 total
» buildings
| Crypt | 1 | |
| Ziggurat | 10 | |
| Altar of Darkness | 1 | |
| Graveyard | 1 | |
| Nerubian Tower | 4 | |
| Tomb of Relics | 1 | |
| Halls of the Dead | 1 | |
| Slaughterhouse | 1 | |
| Black Citadel | 1 | |
| Spirit Tower | 5 | |
26 total
» build order
00:08 Crypt
00:11 Ziggurat
00:43 Altar of Darkness
01:05 Graveyard
01:15 Ziggurat
01:20 Ziggurat
02:05 Nerubian Tower
02:15 Tomb of Relics
03:13 Halls of the Dead
04:12 Ziggurat
04:21 Nerubian Tower
05:13 Nerubian Tower
06:34 Slaughterhouse
08:10 Ziggurat
08:17 Ziggurat
08:19 Black Citadel
08:22 Ziggurat
09:40 Spirit Tower
14:43 Ziggurat
16:31 Spirit Tower
16:33 Spirit Tower
18:20 Ziggurat
18:26 Ziggurat
25:54 Spirit Tower
26:01 Nerubian Tower
26:03 Spirit Tower
Chat log
(00:08 / Allies) bannedfromwc3: red youre about 8 years late to that joke
(00:20 / Allies) TheyKilledKenny: possibly
(00:28 / Allies) elvishpower10: maybe his account is 8 years old
(00:36 / 7) harn: whats the plan
(00:38 / 8) bannedfromwc3: idk
(00:44 / 8) bannedfromwc3: michaels acct should definitely get the win tho
(00:49 / 8) bannedfromwc3: lets do the items thing
(01:00 / Allies) elvishpower10: units?
(01:10 / Allies) JamesNesPentel: fiends/stats
(01:11 / Allies) bannedfromwc3: breakers and knights
(01:12 / Allies) TheyKilledKenny: archers dryads
(01:50 / Allies) elvishpower10: hmm well ill get hippo riders i guess
(02:18 / Allies) TheyKilledKenny: wtf
(02:36 / Allies) elvishpower10: what happened?
(02:48 / Allies) TheyKilledKenny: green attacked my wisp
(03:02 / Allies) bannedfromwc3: sorry i didnt have ally colors on
(03:59 / Allies) TheyKilledKenny: middle soon
(04:03 / Allies) JamesNesPentel: def
(07:03 / 8) bannedfromwc3: i have 6 loaded foots
(07:07 / 8) bannedfromwc3: gonna get more
(07:07 / Allies) TheyKilledKenny: out
(07:08 / Allies) TheyKilledKenny: out
(07:08 / Allies) TheyKilledKenny: out
(08:23 / 8) bannedfromwc3: when are you gonan get ur backpack
(08:37 / 7) harn: im working on it
(09:00 / 8) bannedfromwc3: how can we make it so all our uhnits die
(09:17 / Allies) elvishpower10: are you guys ready to hit or something ?
(09:32 / 8) bannedfromwc3: we could just rush top and bottom
(09:33 / 8) bannedfromwc3: same itme
(09:34 / 8) bannedfromwc3: and get owned
(09:42 / 8) bannedfromwc3: hurry up and load up
(09:46 / 8) bannedfromwc3: beore one team or another attacks
(09:49 / Allies) JamesNesPentel: nah not me
(09:55 / 8) bannedfromwc3: your guy is already attakcing my epxo
(09:58 / Allies) bannedfromwc3: tp pls
(10:28 / 8) bannedfromwc3: u rdy?
(10:35 / 8) bannedfromwc3: hiy my allys main now
(10:46 / 8) bannedfromwc3: gogogogoog
(10:50 / 8) bannedfromwc3: we need two 3v1s
(10:53 / 8) bannedfromwc3: at top and bottom
(10:57 / 8) bannedfromwc3: go now or ur ally will go with and get raped
(11:18 / 8) bannedfromwc3: well im oging
(11:36 / 7) harn: that guy went hipps vs 3 ud
(11:58 / Allies) TheyKilledKenny: repair
(12:30 / 8) bannedfromwc3: lol
(12:41 / 7) harn: your team blows
(12:56 / Allies) TheyKilledKenny: wtf?
(12:59 / Allies) TheyKilledKenny: hack
(13:18 / Allies) elvishpower10: haha take it and sell it
(13:22 / 7) harn: "whats all that shit on the ground?"
(13:35 / All) TheyKilledKenny: who the fuck hacked???
(13:39 / All) TheyKilledKenny: so gay
(14:09 / All) WeAgreed: hes like a pinata
(14:12 / 8) bannedfromwc3: lol
(14:25 / All) drew-yo: yo u a hacker dude
(14:48 / All) drew-yo: wtf is with all the items bro
(15:01 / All) TheyKilledKenny: how am i hacking?
(15:08 / All) TheyKilledKenny: idk whats up
(15:11 / All) drew-yo: whoever that human was
(15:15 / All) drew-yo: im checking the replay
(15:19 / 7) harn: lol
(15:20 / 7) harn: idiots
(15:22 / 8) bannedfromwc3: lol
(15:22 / All) drew-yo: then im contacting blizzard
(15:31 / All) TheyKilledKenny: i swear its not me
(15:38 / All) drew-yo: its banned
(15:47 / All) TheyKilledKenny: i never have cheated before
(15:49 / All) drew-yo: every knight that dies drops 2 fucking items
(15:56 / 8) bannedfromwc3: "knight"
(15:57 / All) drew-yo: fottman rather
(15:59 / 8) bannedfromwc3: he means footy?
(16:22 / All) harn: item hacks
(16:27 / 8) bannedfromwc3: my team left invul pot and boots of speed on the ground
(16:38 / 8) bannedfromwc3: staff of preservation scroll of healing
(16:42 / 8) bannedfromwc3: ur pinatas were pretty rich
(16:53 / 7) harn: i ran out of cheap items
(16:57 / 7) harn: night elf shops blow for this
(17:10 / 7) harn: your ally is a moron though going hippo riders
(17:11 / 7) harn: vs mass fiends
(17:19 / 8) bannedfromwc3: hes a moron for going hippor riders period
(17:29 / 8) bannedfromwc3: at the start he made it sound like
(17:30 / All) drew-yo: hey u fag just an fyi im reporting u to blizzard i hope they do ban ur ass
(17:32 / 8) bannedfromwc3: they made sense
(17:35 / 8) bannedfromwc3: after what everyone else named
(17:38 / All) bannedfromwc3: u mad?
(17:42 / All) drew-yo: na
(17:42 / All) bannedfromwc3: read my name
(17:45 / All) drew-yo: cuz ur losing
(17:45 / All) bannedfromwc3: i will never be banned
(18:01 / All) drew-yo: heh, idc, ill do what i can to stop faghs like u
(18:14 / All) bannedfromwc3: whats a gyro
(18:26 / All) TheyKilledKenny: so wtf was cheating?
(18:34 / 7) harn: can you even death pact those shitty things the dk makes with its ultimate?
(18:38 / 8) bannedfromwc3: i dont like the way he left those ivory towers sitting there
(18:39 / 8) bannedfromwc3: yea
(18:41 / 8) bannedfromwc3: but not hte dryads
(18:50 / 7) harn: theyre invincible though
(18:56 / 8) bannedfromwc3: u can still pact them
(19:02 / 8) bannedfromwc3: i remember when they had hp
(19:07 / 8) bannedfromwc3: it was rigged as shit
(19:12 / 8) bannedfromwc3: ur army woudl waste tiem attacking them
(19:32 / 7) harn: hes just now getting those items
(19:33 / 7) harn: in his base
(19:34 / 8) bannedfromwc3: a bunch of footies went and died on that guys front door and dropepd items
(19:37 / 8) bannedfromwc3: and rather than use them
(19:37 / 7) harn: he sold the heal scroll
(19:39 / 8) bannedfromwc3: or laugh
(19:40 / 7) harn: no need for that
(19:41 / 8) bannedfromwc3: he is mad
(19:50 / Allies) JamesNesPentel: check expos
(19:54 / 8) bannedfromwc3: if i were a dk fiend zombie and someone dropped abunch of ivory towers
(19:56 / 8) bannedfromwc3: i woudl use them
(20:04 / 8) bannedfromwc3: lol my ally used critter
(20:05 / 7) harn: is that your dog?
(20:14 / 8) bannedfromwc3: it cants ee shit tho
(20:35 / 8) bannedfromwc3: that guy is makign more hippos
(20:41 / 7) harn: pink is packing items on his heros
(20:43 / 7) harn: i think hed use htem
(20:45 / 7) harn: but hes already full
(20:49 / All) drew-yo: see
(21:00 / Allies) TheyKilledKenny: out
(21:12 / Allies) JamesNesPentel: no tp
(22:00 / 8) bannedfromwc3: maybe he got mad becuase hes used to getting about 5 or 6 items a game
(22:04 / 8) bannedfromwc3: and only leaving 1 or 2 behind
(22:45 / 7) harn: do destroyers take aoe damage from bat explosions?
(22:55 / 8) bannedfromwc3: yeah
(22:58 / 8) bannedfromwc3: teal made a mana tower
(22:59 / 8) bannedfromwc3: at his expo
(23:00 / 8) bannedfromwc3: lol
(23:23 / All) bannedfromwc3: who would have thought dk fiends could overcome the awesome power of the hippogryph
(23:31 / All) drew-yo: stfu fag
(23:38 / All) elvishpower10: HAHA
(23:44 / All) TheyKilledKenny: cheaters
(24:02 / 7) harn: doesnt a webbed hippygryph rider have severely diminished range?
(24:06 / All) drew-yo: fuckin cheat n u still lost suckers
(24:24 / 8) bannedfromwc3: noone in the game has noticed that 2 ppl are pinatas
(24:41 / 7) harn: the guy who said pinata laughed
(24:43 / 7) harn: anyway
(24:48 / 7) harn: at least one of htem is using the items
(25:03 / 7) harn: im a little disappointed that more moonstones werent used though
(25:10 / 8) bannedfromwc3: speak of the devil
(25:17 / 7) harn: next time i get shitty night elf
(25:20 / 7) harn: im going to chian moonstones
(25:24 / 7) harn: so its always night
(25:39 / 7) harn: are those enemy critters in my ally's expo?
(25:46 / 8) bannedfromwc3: no
(25:47 / Allies) elvishpower10: im gettin dryads nowq
(26:01 / 7) harn: if you tell a critter to hold position will it really do it forever?
(26:04 / 8) bannedfromwc3: ya
(26:09 / 8) bannedfromwc3: god that would be gross if they didnt
(26:41 / 7) harn: at the top, bottom, and side red creeps
(26:43 / 7) harn: with the bandit lords
(26:48 / 7) harn: couldnt you cram yourself in a corner
(26:53 / 7) harn: and make a wall of critters
(27:00 / 8) bannedfromwc3: yea
(27:01 / 7) harn: and use a ranged hero to kill it right away
(27:03 / 8) bannedfromwc3: it would take like 4
(27:08 / 8) bannedfromwc3: and ud be creeping for hours
(27:08 / Allies) TheyKilledKenny: out
(27:53 / 7) harn: why does blue have so many destroyers
(27:55 / 7) harn: tehres no need for them
(27:59 / 8) bannedfromwc3: lol
(28:11 / All) WeAgreed: give me more shit green
(28:12 / 7) harn: and how are you so poor
(28:19 / 8) bannedfromwc3: i got halled and my expo got killed
(28:33 / 8) bannedfromwc3: look how many claws
(28:36 / 8) bannedfromwc3: that retards vampire has
(28:59 / 8) bannedfromwc3: damn if i had kileld tha tinvernal stone
(29:01 / 8) bannedfromwc3: right in front of him
(29:04 / 8) bannedfromwc3: he would have shit the bed
(29:17 / 8) bannedfromwc3: looks like michael gets the loss thsi game
(29:18 / 8) bannedfromwc3: lol
(29:33 / Allies) TheyKilledKenny: move out
(29:56 / 7) harn: when youre down on your luck it throws you in the mud even harder
(29:59 / 7) harn: your allies are retarded
(30:03 / 8) bannedfromwc3: use your paues
(30:14 / 7) harn: sweet
(30:17 / 7) harn: tricked him
(30:21 / 8) bannedfromwc3: got him good
(30:24 / 7) harn: while he was doin g that
(30:26 / 7) harn: his hero died
(30:29 / 7) harn: instead of calling an infernal
(30:30 / 7) harn: with full mana
(30:33 / 8) bannedfromwc3: oh i thought you meant the puase
(30:34 / 8) bannedfromwc3: lol
(30:38 / 7) harn: that 2
(30:50 / 8) bannedfromwc3: he has 4 statues on heal
(31:18 / 8) bannedfromwc3: you got 3 dk fienders for allies
(31:22 / 8) bannedfromwc3: a 4v4 rt dream team
(31:33 / 8) bannedfromwc3: all u had to do wsas make a potm for the aura
(31:35 / All) drew-yo: HELP DAMNIT
(31:35 / 8) bannedfromwc3: and detonate ur wisps
(31:41 / 8) bannedfromwc3: lol
(31:43 / 8) bannedfromwc3: what a moron
(31:45 / All) bannedfromwc3: HELP DAMNIT
(32:00 / All) drew-yo: STFU
(32:14 / All) bannedfromwc3: drew-yo
(32:18 / All) bannedfromwc3: how come tehre iostn a 420 in your name
(32:43 / All) bannedfromwc3: RAP[ED
(32:44 / All) bannedfromwc3: LOL
(32:47 / All) TheyKilledKenny: lol
(32:49 / All) drew-yo: IM UNSUMMING AND LEAVING U FUCKING NOOBS COST THE GAME
(32:49 / All) bannedfromwc3: SKINNED THAT NICKEL
(32:54 / 7) harn: lol
(32:56 / 7) harn: hes all mad
(32:57 / All) bannedfromwc3: TOOK THAT OLD MARES SPINE
(32:59 / All) bannedfromwc3: RIGHT OUT OF ITS BACK
(33:05 / 7) harn: his teams winning htough
(33:07 / All) drew-yo: hey im sending this reply to blizzard buddy ur days r numbered
(33:08 / 8) bannedfromwc3: yeah
(33:10 / 8) bannedfromwc3: hell realize it
(33:11 / 8) bannedfromwc3: in a second
(33:12 / All) TheyKilledKenny: bahahah
(33:16 / 7) harn: this guy cant appreciate a good thing
(33:20 / 7) harn: his base is covered in items
(33:22 / 7) harn: he has high level heros
(33:24 / 7) harn: and hes winning
(33:27 / 7) harn: and it pisses him off
(33:37 / 8) bannedfromwc3: maybe he thinks hes trolling us
(33:46 / 8) bannedfromwc3: oh his vampire with the 3 claws of attack is back
(33:48 / 8) bannedfromwc3: he wont leave now
(33:59 / 8) bannedfromwc3: tell ur ally in private
(34:01 / 8) bannedfromwc3: to kill it
(34:03 / Allies) TheyKilledKenny: gold?
(34:11 / 4) bannedfromwc3: kill blues vampire
(34:13 / 4) bannedfromwc3: it will be funny
(34:14 / 4) bannedfromwc3: u guys already won
(34:22 / 6) bannedfromwc3: kill blues vampire
(34:24 / 6) bannedfromwc3: it will be funny
(34:25 / 6) bannedfromwc3: u guys won anyway
(34:48 / 8) bannedfromwc3: i told both ur allies to tk blues hero but they arent having it
(34:59 / 7) harn: i also told them
(36:05 / 7) harn: "go hit yellow be4 they rehack"
(36:11 / 7) harn: rehack
(36:13 / 7) harn: whats that
(36:14 / 8) bannedfromwc3: lol
(36:22 / All) bannedfromwc3: i better fire my hacks up to full power
(36:24 / All) bannedfromwc3: we seem to be losing
(36:31 / Allies) TheyKilledKenny: lol
(36:34 / All) elvishpower10: is your whole team undead?
(36:35 / All) drew-yo: stfu loser
(36:48 / All) WeAgreed: was funny
(36:53 / 7) harn: everyone is still in this game
(36:56 / 8) bannedfromwc3: yea
(36:58 / All) WeAgreed: your like santa
(37:06 / All) bannedfromwc3: teal if youre feeling grateful
(37:10 / All) bannedfromwc3: could you do me a big favor
(37:12 / All) bannedfromwc3: and kill blues vampire
(37:16 / All) bannedfromwc3: it wont affect hte outcome of the game
(37:22 / All) bannedfromwc3: but it would bring laughter to an old mans heart
(37:30 / All) WeAgreed: no hes border line psycho now without a tk
(37:35 / All) bannedfromwc3: please
(37:36 / 7) harn: lol
(37:38 / All) bannedfromwc3: plzzzzzzzzzzz
(37:47 / All) bannedfromwc3: YEAH BLAST IT
(37:48 / 7) harn: hes doing it
(37:49 / 7) harn: lol
(37:49 / All) bannedfromwc3: RAPE IT DEAD
(37:51 / All) bannedfromwc3: LOL
(37:58 / 7) harn: rofl
(38:07 / All) bannedfromwc3: i wish i had a pause left
(38:09 / All) bannedfromwc3: so we could stop
(38:11 / All) bannedfromwc3: for a moment of silence
(38:16 / All) drew-yo: fuck u asshole
(38:24 / 7) harn: sweet
(38:25 / 7) harn: now blues shit
(38:27 / 7) harn: is getting killed
(38:30 / All) bannedfromwc3: drew-yo im gonna make the name drew-yo on the other realms
(38:31 / All) elvishpower10: gg
(38:32 / All) bannedfromwc3: and use my hack there
(38:33 / 7) harn: no rebuilding for him
(38:34 / All) bannedfromwc3: to disgrace you
(38:58 / All) bannedfromwc3: completely wiped out
(39:00 / All) bannedfromwc3: exterminated
(39:04 / All) drew-yo: u do what u want faggot, ill still high everyday and live my life, u on the other hand will no longer be allowed on wc3 bnet
(39:06 / 8) bannedfromwc3: share controlw ith him
(39:09 / All) bannedfromwc3: LOL
(39:15 / All) bannedfromwc3: REPORTED FOR BEING HIGH
(39:15 / All) drew-yo: squelched
(39:22 / Allies) TheyKilledKenny: back
(39:46 / Allies) bannedfromwc3: i think this battles over
(39:54 / Allies) JamesNesPentel: yea it is
(39:55 / All) drew-yo: ill add u to my fl teal next time we on the same team im killin ur ass
(40:07 / All) WeAgreed: thats fine
(40:09 / All) bannedfromwc3: ill use invincible building hack
(40:13 / All) WeAgreed: i really dont care
(40:13 / All) harn: your friends list is full of people you hate?
(40:20 / All) bannedfromwc3: lol
(40:27 / All) drew-yo: isnt urs?
(40:33 / All) harn: you should get some friends to put on it
(40:34 / All) bannedfromwc3: blue tell me who else is on your friend list
(40:54 / All) bannedfromwc3: "that jerk stealmyitemitk"
(40:58 / All) bannedfromwc3: "hes gonna get it next time"
(41:09 / Allies) TheyKilledKenny: wood?
(41:16 / Allies) bannedfromwc3: i gave all to purple
(41:25 / 7) harn: does your computer lag if you click on hte minimap and drag it around really fast?
(41:29 / All) drew-yo: leave fags u lost
(41:33 / 8) bannedfromwc3: no
(41:44 / 8) bannedfromwc3: u should leave now
(41:49 / 7) harn: yeah i think it has the whole map loaded al lthe time
(42:01 / All) bannedfromwc3: 1 down
(42:02 / All) bannedfromwc3: 3 to go